 Dungeon Crawl Stone Soup version 0.23-a0-378-gd7a6ca6 (webtiles) character file.

61980 Azzok the Destroyer (level 14, -14/85 HPs)
             Began as a Demonspawn Fire Elementalist on Oct 27, 2018.
             Was a High Priest of Vehumet.
             Killed from afar by Louise (38 damage)
             ... with a bolt of lightning
             ... on level 14 of the Dungeon.
             The game lasted 00:52:40 (30591 turns).

Azzok the Destroyer (Demonspawn Fire Elementalist) Turns: 30591, Time: 00:52:41

Health: -14/85     AC: 13    Str: 12    XL:     14   Next: 62%
Magic:  0/40       EV: 12    Int: 21    God:    Vehumet [*****.]
Gold:   1553       SH:  6    Dex: 20    Spells: 13/39 levels left

rFire    + . .     SeeInvis .   U - staff of conjuration
rCold    . . .     Gourm    .   X - +0 buckler
rNeg     . . .     Faith    +   e - +2 robe {rF+}
rPois    .         Spirit   +   J - +2 hat
rElec    .         Reflect  .   w - +0 cloak
rCorr    .         Harm     .   A - +0 pair of gloves {Dex+3}
MR       +....                  d - +0 pair of boots
Stlth    ++........             R - amulet of faith
HPRegen  0.24/turn              h - +3 ring of dexterity
MPRegen  0.27/turn              y - ring "Ceizuik" {MP+9 Str+3}

@: no status effects
A: hooves 2, iridescent scales 2, powered by death 2, magic shield
a: Renounce Religion


You were on level 14 of the Dungeon.
You worshipped Vehumet.
Vehumet was extremely pleased with you.
You were not hungry.

You visited 3 branches of the dungeon, and saw 21 of its levels.
You also visited: Ice Cave.

You collected 1553 gold pieces.

Inventory:

Hand Weapons
 C - the +8 frozen axe "Frostbite" {freezing cloud, *Noise +Fly rC+}
   (You took it off an orc on level 7 of the Dungeon)

   It has been specially enchanted to freeze those struck by it, causing extra
   injury to most foes and up to half again as much damage against particularly
   susceptible opponents.
   It can also slow down cold-blooded creatures.
   It protects you from cold.
   It lets you fly.
   It may make noises in combat.
Armour
 d - a +0 pair of boots (worn)
 e - a +2 robe of fire resistance (worn)
 w - a +0 cloak (worn)
 A - a +0 pair of gloves of dexterity (worn)
 J - a +2 hat (worn)
 X - a +0 buckler (worn)
Magical Staves
 U - an uncursed staff of conjuration (weapon)
Jewellery
 h - a +3 ring of dexterity (left hand)
 i - a +3 amulet of reflection
 y - the ring "Ceizuik" (right hand) {MP+9 Str+3}
   (You found it on level 6 of the Dungeon)

   [ring of strength]

   It affects your strength (+3).
   It affects your magic capacity (+9).
 L - an uncursed ring of protection from magic
 R - an amulet of faith (around neck)
Wands
 o - a wand of acid (30)
 x - a wand of digging (37)
 T - a wand of iceblast (9)
Scrolls
 a - 4 scrolls of magic mapping
 b - 8 scrolls of teleportation
 j - 4 scrolls of blinking
 m - 16 scrolls of remove curse
 p - 4 scrolls of fog {unknown}
 s - 7 scrolls of enchant weapon
 t - 2 scrolls of enchant armour
 v - 5 scrolls of fear
 B - 3 scrolls of vulnerability {unknown}
 E - a scroll of immolation {unknown}
 F - 4 scrolls of random uselessness {unknown}
 H - 3 scrolls of holy word {unknown}
 K - 4 scrolls of amnesia {unknown}
 N - a scroll of silence {unknown}
 V - a scroll of torment {unknown}
 W - a scroll of summoning
Potions
 f - 6 potions of brilliance
 g - 3 potions of berserk rage
 k - 5 potions of agility
 l - 2 potions of magic {unknown}
 n - 3 potions of haste
 q - 5 potions of mutation {!q}
 u - 4 potions of flight
 z - 4 potions of curing
 D - 2 potions of invisibility {unknown}
 G - 4 potions of might
 M - 3 potions of ambrosia
 P - a potion of cancellation {unknown}
 Q - 2 potions of lignification
 S - 4 potions of heal wounds
Comestibles
 c - 19 rations


   Skills:
 - Level 1.7 Dodging
 - Level 1.7 Stealth
 - Level 4.0 Shields
 + Level 13.0 Spellcasting
 + Level 14.2 Conjurations
 + Level 13.4 Fire Magic
 + Level 5.2 Earth Magic


You had 13 spell levels left.
You knew the following spells:

 Your Spells              Type           Power        Failure   Level  Hunger
a - Flame Tongue          Conj/Fire      #####        0%          1    None
b - Conjure Flame         Conj/Fire      #######.     1%          3    None
c - Sticky Flame          Conj/Fire      #######.     1%          4    None
d - Fireball              Conj/Fire      #######...   1%          5    ####...
e - Bolt of Magma         Conj/Fire/Erth ######....   1%          5    ####...
f - Iron Shot             Conj/Erth      ######....   3%          6    #####..
g - Blink                 Tloc           N/A          7%          2    None

Your spell library contained the following spells:

 Spells                   Type           Power        Failure   Level  Hunger
 Magic Dart               Conj           ####         0%          1    None
 Freeze                   Ice            ##..         1%          1    None
 Sandblast                Erth           #####.       1%          1    None
 Throw Flame              Conj/Fire      ######       1%          2    None
 Throw Frost              Conj/Ice       ######       1%          2    None
 Inner Flame              Hex/Fire       #####...     1%          3    None
 Mephitic Cloud           Conj/Pois/Air  ######..     1%          3    None
 Stone Arrow              Conj/Erth      ######       1%          3    None
 Throw Icicle             Conj/Ice       ######..     1%          4    None
 Passwall                 Tmut/Erth      ###.....     2%          2    None
 Animate Skeleton         Necr           N/A          4%          1    None
 Apportation              Tloc           ##....       4%          1    None
 Confusing Touch          Hex            ##....       4%          1    None
 Summon Small Mammal      Summ           ##..         4%          1    None
 Lee's Rapid Deconstruct  Erth           #####.....   4%          5    ####...
 Call Imp                 Summ           ##......     7%          2    None
 Slow                     Hex            ##......     7%          2    None
 Call Canine Familiar     Summ           ##......     14%         3    None
 Ozocubu's Armour         Chrm/Ice       ##......     14%         3    None
 Summon Guardian Golem    Hex/Summ       ##......     14%         3    None
 Petrify                  Tmut/Erth      ###.....     16%         4    None
 Summon Ice Beast         Ice/Summ       ##......     43%         4    None
 Summon Lightning Spire   Summ/Air       ##......     43%         4    None


Dungeon Overview and Level Annotations

Branches:
Dungeon (14/15)            Temple (1/1) D:7            Lair (6/6) D:10
 Shoals (0/4) Lair:4        Snake (0/4) Lair:3        Slime (0/5) Lair:5
    Orc (0/2) D:10         Vaults (0/5) D:13

Altars:
Ashenzari
Cheibriados
Dithmenos
Elyvilon
Gozag
Kikubaaqudgha
Makhleb
Nemelex Xobeh
Sif Muna
Vehumet
Wu Jian
Yredelemnul
The Shining One
Jiyva

Shops:
D:5 %   D:8 (**   D:11 *

Annotations:
D:14 Agnes, Louise


Innate Abilities, Weirdness & Mutations

You have hoof-like feet.
You are mostly covered in iridescent scales. (AC +4)
You regenerate health from kills.
When hurt, damage is shared between your health and your magic reserves.


Message History

Louise is severely wounded.
* * * LOW MAGIC WARNING * * *
Casting: Fireball (safe; 1% risk of failure)
Confirm with . or Enter, or press ? or * to list all spells.
Aiming: Fireball (safe; 1% risk of failure)
Press: ? - help, Shift-Dir - straight line, f/p - Louise
Aim: Louise, wielding a +2 demon trident of electrocution, wearing a +0 chain You feel a surge of power!
The fireball explodes!
The fireball engulfs Louise.
Louise is almost dead.
* * * LOW MAGIC WARNING * * *
You block Louise's attack.
Casting: Fireball (safe; 1% risk of failure)
Confirm with . or Enter, or press ? or * to list all spells.
You don't have enough magic to cast that spell.
Unknown command.
Louise casts a spell at you. The bolt of lightning hits you!
* * * LOW MAGIC WARNING * * *;
* * * LOW HITPOINT WARNING * * *
The bolt of lightning hits you!
You die...

▒·▒·▒ ▒····▒·▒
▒·▒·▒ ▒·▒▒·▒·▒
▒·▒·▒ ▒·▒▒·▒<▒
▒·▒·▒ ▒·▒▒·▒·▒ ▒▒
▒·▒·▒ ▒·▒▒·▒·▒
▒·▒▒†▒·▒▒▒▒·▒▒·▒·▒
···▒·▒·········▒·▒
···[·▒▒▒▒▒·▒▒▒▒▒·▒
·····▒ ▒>▒
▒▒@▒▒▒▒▒▒▒▒▒▒
·····▒ ▒·▒
▒····@······▒
·····▒ ▒·▒
▒▒·▒▒▒▒▒▒▒▒·▒
···▒▒▒ ▒·▒ ▒▒▒ ▒·▒
▒·▒ ▒· ▒·▒ ▒· ▒·▒


You could see Louise.

Vanquished Creatures
  Rupert (Lair:4)
  2 entropy weavers (Lair:5)
  Josephine (Lair:3)
  A hydra (Lair:6)
  A catoblepas (Lair:2)
  A death knight (D:13)
  3 centaur warriors
  2 two-headed ogres (D:12)
  A queen ant (Lair:5)
  An ogre mage (D:13)
  6 death yaks
  Sonja (Lair:1)
  A skeletal warrior (D:13)
  A deep elf knight (D:13)
  3 unseen horrors
  An orc knight (D:13)
  A phantasmal warrior (D:13)
  An oklob plant (Lair:3)
  3 deep elf magi (D:13)
  A necromancer (IceCv)
  An orc sorcerer (D:10)
  A cyclops (D:13)
  A merfolk siren (Lair:4)
  4 elephants
  4 ice statues (IceCv)
  10 spiny frogs
  A gargoyle (D:11)
  3 black mambas
  4 rime drakes
  7 ice devils (IceCv)
  5 komodo dragons
  2 freezing wraiths (D:13)
  2 polar bears (Lair:6)
  3 trolls
  5 hornets (Lair:6)
  13 blink frogs
  A dream sheep (Lair:6)
  11 hippogriffs
  6 wraiths
  Sigmund (D:4)
  2 shadows
  14 spriggans
  A fire elemental (Lair:1)
  A basilisk (Lair:6)
  15 yaks
  Eustachio (D:4)
  6 vampire mosquitoes (D:14)
  A hungry ghost (D:10)
  9 water moccasins
  Duvessa (D:6)
  5 soldier ants (Lair:5)
  6 orc warriors
  2 porcupines
  11 black bears
  4 ice beasts
  An eye of draining (D:3)
  6 sky beasts
  10 ogres
  6 phantoms
  2 boggarts (Lair:6)
  2 necrophages
  19 wolves
  10 centaurs
  8 crocodiles
  A big kobold (D:13)
  13 bullfrogs
  Dowan (D:6)
  A scorpion (D:3)
  6 killer bees (D:12)
  A howler monkey (D:6)
  5 wights (D:10)
  3 electric eels
  A lava snake (Lair:1)
  2 crimson imps
  3 draconian simulacra (IceCv)
  2 bullfrog zombies
  4 centaur zombies
  5 jellies
  Crazy Yiuf (D:4)
  2 bullfrog skeletons
  8 hounds
  15 orc priests
  3 centaur skeletons
  Ijyb (D:3)
  4 troll simulacra (IceCv)
  17 worker ants
  13 orc wizards
  6 ogre zombies (D:10)
  A hound skeleton (D:6)
  A howler monkey zombie (D:7)
  Robin (D:3)
  9 gnolls
  2 ogre simulacra (IceCv)
  9 adders
  A naga simulacrum (IceCv)
  3 shadow imps
  3 oozes
  An adder zombie (D:7)
  3 adder skeletons
  A worm (D:3)
  2 dart slugs
  3 leopard geckos
  48 orcs
  9 giant cockroaches
  18 goblins
  5 hobgoblins
  8 jackals
  2 quokkas
  3 ball pythons
  8 bats
  5 frilled lizards
  3 goblin zombies (D:10)
  A hobgoblin skeleton (D:10)
  9 kobolds
  A leopard gecko skeleton (D:7)
  2 orc skeletons (D:10)
  13 orc zombies (D:10)
  2 quokka skeletons (D:7)
  2 quokka zombies
  3 rats
  9 fungi
  2 plants
572 creatures vanquished.

Vanquished Creatures (others)
  4 fungi
  3 plants (D:10)
7 creatures vanquished.

Grand Total: 579 creatures vanquished

Notes
Turn   | Place    | Note
-------+----------+-------------------------------------------
     0 | D:1      | Azzok the Demonspawn Fire Elementalist began the quest for
                  | the Orb.
     0 | D:1      | Reached XP level 1. HP: 13/13 MP: 3/3
   345 | D:1      | Gained mutation: You have large cloven feet. [demonic
                  | ancestry]
   345 | D:1      | Reached XP level 2. HP: 19/19 MP: 0/5
   750 | D:1      | Reached skill level 2 in Conjurations
  1099 | D:1      | Gained mutation: When hurt, damage is shared between your
                  | health and your magic reserves. [demonic ancestry]
  1099 | D:1      | Reached XP level 3. HP: 24/24 MP: 2/6
  1673 | D:2      | Noticed Sigmund
  1983 | D:2      | Learned a level 3 spell: Conjure Flame
  2626 | D:2      | Found a glowing golden altar of the Shining One.
  2825 | D:2      | Reached XP level 4. HP: 30/30 MP: 3/7
  2830 | D:2      | Reached skill level 3 in Conjurations
  3356 | D:3      | Reached XP level 5. HP: 23/35 MP: 0/8
  3433 | D:3      | Learned a level 4 spell: Sticky Flame
  3640 | D:3      | Noticed an eye of draining
  3658 | D:3      | Killed an eye of draining
  3658 | D:3      | Reached skill level 4 in Conjurations
  3925 | D:3      | Noticed Robin
  3947 | D:3      | Killed Robin
  3947 | D:3      | Reached XP level 6. HP: 41/41 MP: 1/9
  4444 | D:3      | Found a sparkling altar of Nemelex Xobeh.
  4454 | D:3      | Found a shattered altar of Ashenzari.
  4454 | D:3      | Found a basalt altar of Yredelemnul.
  4464 | D:3      | Noticed Ijyb
  4473 | D:3      | Killed Ijyb
  4474 | D:3      | Found a snail-covered altar of Cheibriados.
  4548 | D:3      | Found a burning altar of Makhleb.
  5153 | D:4      | Noticed Eustachio
  5201 | D:4      | Killed Sigmund
  5201 | D:4      | Reached skill level 5 in Fire Magic
  5201 | D:4      | Gained mutation: You are partially covered in iridescent
                  | scales. (AC +2) [demonic ancestry]
  5201 | D:4      | Reached XP level 7. HP: 21/46 MP: 0/12
  5637 | D:4      | Reached skill level 5 in Conjurations
  5776 | D:4      | Killed Eustachio
  6022 | D:4      | Found a runed door.
  6077 | D:4      | Noticed Crazy Yiuf
  6082 | D:4      | Killed Crazy Yiuf
  6164 | D:5      | Entered Level 5 of the Dungeon
  6256 | D:5      | Gained mutation: You have hoof-like feet. [demonic
                  | ancestry]
  6256 | D:5      | Reached XP level 8. HP: 38/52 MP: 7/14
  6493 | D:5      | Reached skill level 6 in Conjurations
  6689 | D:5      | Found Wutho's Food Shoppe.
  7104 | D:5      | Reached skill level 5 in Spellcasting
  7660 | D:5      | Learned a level 5 spell: Fireball
  8204 | D:5      | Reached skill level 7 in Conjurations
  8403 | D:6      | Got a shimmering copper ring
  8407 | D:6      | Identified the ring "Ceizuik" {MP+9 Str+3} (You found it on
                  | level 6 of the Dungeon)
  8524 | D:6      | Noticed Duvessa
  8563 | D:6      | Killed Duvessa
  8576 | D:6      | Noticed Dowan
  8580 | D:6      | Killed Dowan
  8580 | D:6      | Reached XP level 9. HP: 49/57 MP: 8/17
  9054 | D:6      | Got a steaming trident
  9055 | D:6      | Identified the cursed +1 trident of Demonkind {drain, rElec
                  | Dex-3 SInv} (You found it on level 6 of the Dungeon)
  9152 | D:7      | Found a shadowy altar of Dithmenos.
  9293 | D:7      | Found a staircase to the Ecumenical Temple.
  9301 | Temple   | Entered the Ecumenical Temple
  9502 | Temple   | Became a worshipper of Vehumet
  9992 | D:7      | Reached skill level 8 in Conjurations
 10670 | D:8      | Noticed a troll
 10679 | D:8      | Killed a troll
 10788 | D:8      | Found Juaps's Assorted Antiques.
 11015 | D:8      | Reached * piety under Vehumet
 11015 | D:8      | Offered knowledge of Sting by Vehumet.
 11131 | D:8      | Found Feuleneq's Antique Weapon Shop.
 11231 | D:8      | Found Duxteapp's Assorted Antiques.
 11416 | D:9      | Reached XP level 10. HP: 63/63 MP: 8/21
 12476 | D:10     | Entered Level 10 of the Dungeon
 12708 | D:10     | Noticed an orc sorcerer
 12710 | D:10     | Killed an orc sorcerer
 12710 | D:10     | Reached skill level 9 in Conjurations
 12865 | D:10     | Reached ** piety under Vehumet
 12865 | D:10     | Offered knowledge of Searing Ray by Vehumet.
 12991 | D:10     | Found a staircase to the Orcish Mines.
 13593 | D:10     | Found a staircase to the Lair.
 13945 | D:10     | Found an opulent altar of Gozag.
 14340 | D:11     | Reached skill level 10 in Conjurations
 14596 | D:11     | Reached XP level 11. HP: 35/68 MP: 3/23
 14967 | D:11     | Offered knowledge of Ignite Poison by Vehumet.
 15063 | D:11     | Found Laru's General Store.
 15561 | Lair:1   | Entered Level 1 of the Lair of Beasts
 15570 | Lair:1   | Reached *** piety under Vehumet
 15570 | Lair:1   | Reached skill level 10 in Fire Magic
 16096 | Lair:1   | Noticed Sonja
 16103 | Lair:1   | Killed Sonja
 17261 | Lair:2   | Reached skill level 11 in Conjurations
 17604 | Lair:2   | Reached skill level 10 in Spellcasting
 17885 | Lair:2   | Noticed a catoblepas
 18221 | Lair:2   | Killed a catoblepas
 18544 | Lair:3   | Found a staircase to the Snake Pit.
 18674 | Lair:3   | Noticed an oklob plant
 18684 | Lair:3   | Killed an oklob plant
 18684 | Lair:3   | Offered knowledge of Mephitic Cloud by Vehumet.
 18914 | Lair:3   | Gained mutation: You are mostly covered in iridescent
                  | scales. (AC +4) [demonic ancestry]
 18914 | Lair:3   | Reached XP level 12. HP: 74/74 MP: 26/26
 19658 | Lair:4   | Noticed Rupert
 19822 | Lair:4   | Noticed Josephine
 19835 | Lair:3   | Killed Josephine
 20030 | Lair:4   | Killed Rupert
 20030 | Lair:4   | Reached skill level 12 in Conjurations
 20447 | Lair:4   | Reached **** piety under Vehumet
 20479 | Lair:4   | Offered knowledge of Bolt of Magma by Vehumet.
 20529 | Lair:4   | Learned a level 5 spell: Bolt of Magma
 20643 | Lair:4   | Found a staircase to the Shoals.
 21071 | Lair:5   | Noticed an entropy weaver
 21073 | Lair:5   | Noticed an entropy weaver
 21074 | Lair:5   | Noticed a queen ant
 21075 | Lair:5   | Killed a queen ant
 21075 | Lair:5   | Reached skill level 1 in Earth Magic
 21076 | Lair:5   | Killed an entropy weaver
 21078 | Lair:5   | Killed an entropy weaver
 21513 | Lair:5   | Noticed a death yak
 21513 | Lair:5   | Noticed a death yak
 21514 | Lair:5   | Noticed a death yak
 21516 | Lair:5   | Noticed a death yak
 21516 | Lair:5   | Noticed a death yak
 21519 | Lair:5   | Noticed a death yak
 21523 | Lair:5   | Killed a death yak
 21523 | Lair:5   | Gained mutation: You regenerate a little health from kills.
                  | [demonic ancestry]
 21523 | Lair:5   | Reached XP level 13. HP: 67/79 MP: 20/28
 22107 | Lair:5   | Found a viscous altar of Jiyva.
 22107 | Lair:5   | Found a staircase to the Slime Pits.
 22700 | Lair:6   | Entered Level 6 of the Lair of Beasts
 22873 | Lair:6   | Reached skill level 13 in Conjurations
 23514 | Lair:6   | Reached ***** piety under Vehumet
 23514 | Lair:6   | Offered knowledge of Yara's Violent Unravelling by Vehumet.
 24280 | Lair:6   | Identified the +5 short sword of the Final Wars {flame,
                  | Dex+4}
 24942 | Lair:6   | Reached skill level 5 in Earth Magic
 26108 | D:11     | Reached skill level 1 in Shields
 26380 | D:12     | Gained mutation: You regenerate health from kills. [demonic
                  | ancestry]
 26380 | D:12     | Reached XP level 14. HP: 62/85 MP: 14/30
 26551 | D:12     | Found a frozen archway.
 26623 | IceCv    | Entered an ice cave
 27539 | IceCv    | Got a bronze ring mail
 27548 | IceCv    | Identified the +2 ring mail of Idealism {rF+ Stlth+} (You
                  | found it in an ice cave)
 27551 | IceCv    | Got a twisted war axe
 27552 | IceCv    | Identified the cursed +1 war axe of Suicidal Tendencies
                  | {chop, rF+ rN+} (You found it in an ice cave)
 27747 | D:12     | Offered knowledge of Iron Shot by Vehumet.
 27755 | D:12     | Learned a level 6 spell: Iron Shot
 28016 | D:12     | Found a white marble altar of Elyvilon.
 28842 | D:13     | Reached skill level 14 in Conjurations
 29277 | D:13     | Found a gate to the Vaults.
 29753 | D:13     | Learned a level 2 spell: Blink
 29925 | D:14     | Noticed Agnes
 30582 | D:14     | Noticed Louise
 30591 | D:14     | Killed from afar by Louise

Vault maps used:
D:1:      dpeg_arrival_fog
D:2:      marbit_many_paths, first_ration, minmay_misc_feat_plants,
          chequers_serial_rivers_large_a, grunt_decor_fettered, uniq_sigmund
D:3:      minmay_overflow_temple_star_hex, uniq_robin, uniq_ijyb
D:4:      minmay_strange_pillars, minmay_unequal, uniq_crazy_yiuf_cottage,
          uniq_eustachio
D:5:      serial_glass, glass_columns_b, glass_columns_a, glass_columns_c,
          glass_columns_a, glass_columns_c, serial_shops,
          nicolae_shop_temple_entry_statues_fountains, chequers_arboretum,
          nrook_mini_vaults
D:6:      uniq_duvessa
D:7:      minmay_temple_entry_junction, the_bakery, nicolae_sextant,
          nicolae_dithmenos_shadow_blocks
D:8:      serial_shops, shop, shop, shop
D:10:     david_lair_shrubbed, zombieorc1_lemuel, basic_altar
D:11:     serial_shops, kennysheep_mini
D:12:     portal_ice_cave_rime, basic_altar, minmay_misc_feat_diagonals
D:13:     hangedman_vaults_entry_quadrant_bands
D:14:     minmay_misc_feat_pillars, uniq_nessos, uniq_louise, uniq_agnes
Temple:   regret_index_temple_sphere_string
Lair:1:   uniq_sonja
Lair:3:   dummy_snake_entry, minmay_lair_oklob_items, grunt_megastairs_1
Lair:4:   minmay_shoals_entry_lonely_mermaid, uniq_rupert, uniq_josephine
Lair:5:   dpeg_slime_entry_enclosed_altar, serial_rivers,
          chequers_serial_rivers_micro_e, chequers_serial_rivers_micro_c,
          chequers_serial_rivers_micro_c, chequers_serial_rivers_room_a,
          chequers_serial_rivers_room_a, eino_small_chamber_without_monster,
          wad_woods_antlair, serial_bayou_shore_a
Lair:6:   minmay_lair_end_enchanted_forest, st_stairs_12,
          nicolae_quartered_pool_super, lemuel_fruit_tree
IceCv:    ice_cave_tombish

Skill      XL: |  1  2  3  4  5  6  7  8  9 10 11 12 13 14 |
---------------+-------------------------------------------+-----
Fire Magic     | 3 4 5 7 8 9 10 12 13 | 13.4
Conjurations   | 2 3 4 5 7 8 10 11 12 13 14 | 14.2
Spellcasting   | 3 4 5 7 8 10 11 12 13 | 13.0
Earth Magic    | 2 5 |  5.2
Shields        | 1 4 |  4.0
Dodging        | |  1.7
Stealth        | |  1.7

Action                   |  1- 3 |  4- 6 |  7- 9 | 10-12 | 13-15 || total
-------------------------+-------+-------+-------+-------+-------++-------
Melee: Unarmed           |     8 |       |       |       |       ||     8
       Dagger            |    10 |    22 |       |       |       ||    32
       Kick              |     4 |    10 |    12 |       |       ||    26
       Quarterstaff      |       |       |    58 |       |       ||    58
       Scythe            |       |       |     9 |       |       ||     9
       Executioner's axe |       |       |    15 |    83 |       ||    98
       Staff             |       |       |       |     1 |     3 ||     4
 Cast: Flame Tongue      |    69 |   109 |   215 |   128 |    39 ||   560
       Sticky Flame      |       |     1 |    19 |    22 |    26 ||    68
       Conjure Flame     |       |       |     1 |     2 |     1 ||     4
       Fireball          |       |       |    16 |   164 |   286 ||   466
       Bolt of Magma     |       |       |       |     1 |       ||     1
       Iron Shot         |       |       |       |       |     1 ||     1
Evoke: Wand              |       |       |       |     3 |       ||     3
  Use: Potion            |       |       |     4 |     2 |     1 ||     7
       Scroll            |       |       |     5 |    11 |    12 ||    28
 Stab: Petrifying        |       |       |     1 |       |       ||     1
       Sleeping          |       |       |       |     3 |       ||     3
  Eat: Chunk             |     7 |     8 |    22 |    32 |    21 ||    90
       Ration            |       |       |     1 |    10 |    14 ||    25
Armor: Robe              |    10 |     2 |    81 |    70 |    20 ||   183
Dodge: Dodged            |    27 |    38 |   130 |    99 |    42 ||   336
Block: Other             |       |       |       |    10 |       ||    10
       Buckler           |       |       |       |       |     3 ||     3

Table legend:
 A = Non-vault XP
 B = Vault XP
 C = Vault XP percentage of total XP
 D = Non-vault monster count
 E = Vault monster count
 F = Vault count percentage of total count
                 A         B        C        D         E       F
            +---------+---------+-------+---------+---------+-------
      Total |   54384 |   34160 |  38.6 |     403 |     158 |  28.2
            +---------+---------+-------+---------+---------+-------
        D:1 |      47 |       0 |   0.0 |      23 |       0 |   0.0
        D:2 |      88 |       2 |   2.2 |      20 |       1 |   4.8
        D:3 |     249 |      73 |  22.7 |      18 |      13 |  41.9
        D:4 |     300 |     582 |  66.0 |      17 |       5 |  22.7
        D:5 |     805 |       0 |   0.0 |      26 |       0 |   0.0
        D:6 |     887 |     235 |  20.9 |      20 |       2 |   9.1
        D:7 |     523 |     211 |  28.7 |      25 |       1 |   3.8
        D:8 |     988 |       0 |   0.0 |      12 |       0 |   0.0
        D:9 |     363 |       0 |   0.0 |      10 |       0 |   0.0
       D:10 |    2880 |    1507 |  34.4 |      26 |      30 |  53.6
       D:11 |    3306 |       0 |   0.0 |      20 |       0 |   0.0
       D:12 |    4942 |     775 |  13.6 |      34 |       2 |   5.6
       D:13 |    5574 |    5883 |  51.3 |      25 |      18 |  41.9
       D:14 |    3701 |       0 |   0.0 |      17 |       0 |   0.0
     Temple |     361 |       0 |   0.0 |       6 |       0 |   0.0
     Lair:1 |    4082 |     835 |  17.0 |      21 |       1 |   4.5
     Lair:2 |    3582 |       0 |   0.0 |      12 |       0 |   0.0
     Lair:3 |    2519 |    2069 |  45.1 |      11 |       3 |  21.4
     Lair:4 |    5046 |    3841 |  43.2 |      22 |       4 |  15.4
     Lair:5 |    5362 |    4802 |  47.2 |       9 |      16 |  64.0
     Lair:6 |    8779 |    8395 |  48.9 |      29 |      40 |  58.0
      IceCv |       0 |    4950 | 100.0 |       0 |      22 | 100.0
            +---------+---------+-------+---------+---------+-------
